Map: Frozen Temple

Players

Nickos - Winner!

  • Race: Terran Terran
  • League: Gold

Smacko

  • Race: Protoss Protoss
  • League: Gold

VOD

Have the link to the VOD?

Description

Time

  • Played on: Sept. 1, 2016, 8:03 a.m.
  • Length: 9:50
Show
View Real Time Build Order
Export as new Build Order

Nickos Terran - Winner!

Build Orders:  

Get SALT Encoding   

  12  0:01  SCV  
  13  0:13  SCV  
  14  0:17  Supply Depot  
  14  0:25  SCV  
  15  0:39  SCV  
  15  0:41  Barracks  
  16  0:51  SCV  
  17  1:03  SCV  
  18  1:15  SCV  
  19  1:21  Command Center  
  19  1:30  Orbital Command  
  19  1:38  Marine  
  20  1:44  Supply Depot  
  20  1:55  Marine  
  20  1:57  SCV  
  22  2:04  Barracks  
  22  2:09  SCV  
  22  2:13  Barracks  
  23  2:22  SCV  
  24  2:26  Marine  
  25  2:31  Refinery  
  25  2:32  Refinery  
  25  2:34  SCV  
  25  2:35  Orbital Command  
  26  2:46  SCV  
  27  3:00  SCV  
  27  3:01  SCV  
  29  3:07  Marine x2  
  29  3:09  Barracks Tech Lab  
  29  3:12  SCV  
  32  3:13  SCV  
  33  3:24  SCV  
  33  3:25  SCV  
  35  3:27  Barracks  
  35  3:28  Supply Depot  
  35  3:36  SCV  
  35  3:37  SCV  
  37  3:47  Barracks Reactor  
  38  3:48  SCV  
  38  3:49  SCV  
  38  3:54  Barracks Reactor  
  41  3:56  Factory, Marauder  
  41  4:00  SCV  
  41  4:01  SCV  
  42  4:06  Refinery  
  42  4:11  Engineering Bay  
  42  4:12  SCV  
  42  4:13  Engineering Bay, SCV  
  42  4:15  Barracks Tech Lab  
  44  4:20  Marine  
  44  4:22  Stimpack  
  45  4:24  SCV  
  45  4:26  SCV  
  45  4:27  Marine x2  
  45  4:30  Supply Depot  
  49  4:36  SCV, Marine x2  
  49  4:38  SCV  
  54  4:40  Factory Reactor  
  53  4:47  Starport  
  53  4:52  Marauder x2, SCV  
  58  4:53  SCV  
  58  4:54  Marine x2  
  58  4:59  Supply Depot  
  61  5:00  Supply Depot x2  
  61  5:04  SCV  
  62  5:10  Terran Infantry Weapons Level 1  
  62  5:14  Terran Infantry Armor Level 1  
  62  5:21  SCV x2, Marauder, Marine x4  
  70  5:33  SCV x2  
  72  5:37  Barracks  
  72  5:39  Supply Depot  
  72  5:42  Supply Depot, Marine x4  
  75  5:43  Medivac  
  75  5:45  SCV x2  
  75  5:46  Marauder  
  82  5:55  Marine  
  82  5:57  Medivac, SCV  
  85  6:00  Marine  
  85  6:01  SCV  
  85  6:02  Marine x2  
  85  6:03  Marine  
  91  6:09  SCV  
  88  6:13  Marine x2, SCV  
  88  6:14  Medivac  
  93  6:26  Medivac  
  93  6:32  Marauder x2  
  99  6:33  Marine  
  99  6:34  Marine x2  
  100  6:44  Medivac  
  100  6:49  Supply Depot  
  100  6:51  Supply Depot  
  98  6:56  Medivac, Command Center  
  98  6:58  Marine x3  
  98  6:59  Marine  
  98  7:00  Marauder  
  101  7:07  Marauder  
  101  7:10  Missile Turret  
  101  7:12  Missile Turret  
  101  7:17  Missile Turret  
  101  7:22  Marauder  
  103  7:27  SCV x2  
  103  7:29  Marauder  
  107  7:30  Marine x2  
  107  7:33  Medivac  
  111  7:39  Barracks Reactor  
  111  7:44  Supply Depot  
  111  7:45  Supply Depot  
  111  7:55  Orbital Command  
  111  7:58  Marauder x2  
  115  8:08  Marine  
  115  8:09  Marine x3  
  119  8:19  Marine  
  104  8:49  Marine x3  
  104  8:50  Marine  
  104  8:57  Marine x2  
  106  9:05  Medivac x2  
  106  9:07  Marine x2  
  112  9:15  Marauder x2  
  112  9:16  Marine x2  
  118  9:18  SCV x2  
  116  9:25  Marine x2  
  116  9:30  SCV x2  
  124  9:42  Barracks  
  124  9:43  Barracks  
  124  9:44  Barracks  
  123  9:46  Supply Depot  
Show
View Real Time Build Order
Export as new Build Order

Smacko Protoss 

Build Orders: 1 Gate Expand 

Get SALT Encoding   

  12  0:01  Probe (Chrono Boost)  
  13  0:12  Probe (Chrono Boost)  
  14  0:19  Pylon  
  14  0:23  Probe (Chrono Boost)  
  15  0:37  Gateway  
  15  0:40  Probe (Chrono Boost)  
  16  0:51  Probe (Chrono Boost)  
  16  0:53  Assimilator  
  17  1:01  Probe (Chrono Boost)  
  18  1:12  Probe (Chrono Boost)  
  19  1:27  Nexus  
  19  1:31  Probe (Chrono Boost)  
  20  1:41  Cybernetics Core  
  20  1:52  Pylon  
  20  1:58  Assimilator  
  19  2:05  Gateway  
  19  2:07  Probe (Chrono Boost)  
  20  2:18  Probe (Chrono Boost)  
  21  2:22  Stalker  
  21  2:28  Probe (Chrono Boost)  
  24  2:41  Mothership Core (Chrono Boost), Probe (Chrono Boost)  
  24  2:42  Warp Gate  
  27  2:51  Stalker  
  27  2:52  Probe (Chrono Boost)  
  30  3:01  Probe (Chrono Boost)  
  30  3:02  Probe (Chrono Boost)  
  33  3:13  Probe x2 (Chrono Boost)  
  33  3:17  Stargate  
  34  3:25  Probe (Chrono Boost), Stalker  
  37  3:45  Probe (Chrono Boost)  
  37  3:46  Probe (Chrono Boost)  
  39  3:51  Pylon  
  39  3:52  Pylon  
  39  3:56  Twilight Council  
  41  4:03  Probe (Chrono Boost)  
  41  4:04  Probe (Chrono Boost)  
  41  4:10  Phoenix  
  41  4:13  Pylon  
  41  4:16  Probe (Chrono Boost)  
  44  4:23  Probe (Chrono Boost)  
  45  4:24  Resonating Glaives  
  45  4:28  Probe (Chrono Boost)  
  46  4:35  Phoenix  
  48  4:45  Gateway  
  48  4:48  Pylon  
  48  4:49  Probe (Chrono Boost)  
  48  4:50  Probe (Chrono Boost)  
  50  4:53  Stalker x2  
  54  5:02  Probe (Chrono Boost)  
  54  5:03  Probe (Chrono Boost)  
  54  5:06  Assimilator  
  56  5:08  Assimilator  
  56  5:10  Pylon  
  57  5:15  Probe (Chrono Boost)  
  57  5:21  Probe (Chrono Boost)  
  57  5:23  Robotics Facility  
  57  5:27  Probe (Chrono Boost)  
  59  5:37  Stalker x2  
  59  5:42  Gateway  
  63  5:43  Gateway  
  63  5:46  Phoenix  
  65  6:00  Forge  
  65  6:02  Pylon  
  65  6:10  Phoenix  
  65  6:20  Stalker x2  
  69  6:28  Immortal  
  73  6:45  Stalker x3  
  77  7:10  Stalker x3  
  83  7:17  Protoss Ground Weapons Level 1  
  81  7:29  Gateway x2  
  81  7:37  Adept  
  81  7:38  Adept  
  85  7:44  Pylon  
  85  7:51  Pylon  
  85  7:53  Nexus  
  85  7:55  Probe (Chrono Boost)  
  85  7:57  Pylon  
  86  8:02  Phoenix  
  86  8:03  Mothership Core (Chrono Boost), Pylon  
  90  8:07  Gateway, Probe (Chrono Boost)  
  90  8:08  Pylon  
  90  8:15  Pylon  
  90  8:18  Pylon  
  90  8:19  Probe (Chrono Boost)  
  91  8:21  Probe (Chrono Boost)  
  92  8:27  Adept x2  
  41  8:55  Adept  
  41  8:56  Adept x4  
  37  9:07  Adept x2  
  37  9:08  Adept  
  36  9:12  Probe (Chrono Boost)  
Tags
 
Add a new tag
Caveats
  • Supply blocks, unpowered buildings, or Contaminate may cause inaccurate times.
  • Supply counts are checked every 10 seconds.